 Dungeon Crawl Stone Soup version 0.31-a0-210-gccc998df9b (webtiles) character file.

Game seed: 6630912130288143983

25 qw the Shooter (level 3, 0/21 HPs)
             Began as a Gargoyle Hexslinger on June 29, 2023.
             Slain by a hobgoblin (1 damage)
             ... on level 2 of the Dungeon.
             The game lasted 00:00:15 (728 turns).

qw the Shooter (Gargoyle Hexslinger)                 Turns: 728, Time: 00:00:16

Health: 0/21       AC:  7    Str: 11    XL:     3   Next: 6%
Magic:  4/4        EV: 11    Int: 13    God:
Gold:   26         SH:  0    Dex: 14    Spells: 3/4 levels left

rFire   . . .        a - +1 sling
rCold   . . .        (no shield)
rNeg    + . .        f - +0 leather armour
rPois   inf          h - +0 helmet
rElec   +            (no cloak)
rCorr   .            (no gloves)
SInv    .            (no boots)
Will    .....        (no amulet)
Stlth   +            (no ring)
HPRegen 0.23/turn    (no ring)
MPRegen 0.09/turn

%: no passive effects
@: no status effects
A: sickness immunity, AC +3, negative energy resistance 1, electricity
resistance, torment resistance 1, petrification resistance
a: no special abilities


You were on level 2 of the Dungeon.
You visited 1 branch of the dungeon, and saw 2 of its levels.

You collected 71 gold pieces.
You spent 45 gold pieces at shops.


Innate Abilities, Weirdness & Mutations

You are immune to sickness and miasma.
Your stone body is resilient. (AC +3)
You are immune to poison.
You resist negative energy. (rN+)
You are resistant to electric shocks. (rElec)
You are resistant to unholy torment.
You are immune to petrification.


   Skills:
 - Level 2.0 Fighting
 + Level 3.0 Ranged Weapons
 - Level 1.5 Dodging
 - Level 1.0 Spellcasting
 - Level 2.6 Hexes


You had 3 spell levels left.
You knew the following spells:

 Your Spells              Type           Power      Damage    Failure   Level
a - Slow                  Hex            28%        N/A       12%         1

Your spell library contained the following spells:

 Spells                   Type           Power      Damage    Failure   Level
 Inner Flame              Hex/Fire       4%         N/A       54%         3
 Portal Projectile        Hex/Tloc       8%         N/A       54%         3
 Cause Fear               Hex            3%         N/A       77%         4

Inventory:

Hand Weapons
 a - a +1 sling (weapon)
Armour
 b - a +0 pair of gloves
 f - a +0 leather armour (worn)
 h - a +0 helmet (worn)
Scrolls
 c - a scroll of identify {unknown}
Potions
 d - a potion of mutation {unknown}
 e - a potion of berserk rage {unknown}
 g - 3 potions of curing {unknown}
 i - a potion of degeneration {unknown}
 j - a potion of attraction {unknown}

Dungeon Overview and Level Annotations

Branches:
Dungeon (2/15)

Altars:

Shops:
D:1 [


Message History

The adder closely misses you. The hobgoblin closely misses you.
The adder bites you.
You shoot a sling bullet. The sling bullet hits the adder.
The adder is severely wounded.
The hobgoblin hits you. The adder closely misses you. The hobgoblin hits you.
You shoot a sling bullet.
The sling bullet barely misses the adder.
The adder completely misses you. The adder misses you.
The hobgoblin hits you but does no damage.
You shoot a sling bullet. The sling bullet misses the adder.
The adder bites you. The hobgoblin barely misses you. The adder bites you.
You shoot a sling bullet.
The sling bullet closely misses the adder.
The hobgoblin closely misses you. The adder closely misses you.
You shoot a sling bullet. The sling bullet misses the adder.
The adder barely misses you.
The hobgoblin hits you but does no damage.
The adder barely misses you. The hobgoblin barely misses you.
You shoot a sling bullet. The sling bullet hits the adder.
You kill the adder!
The hobgoblin closely misses you. The adder closely misses you.
Your Fighting skill increases to level 2!
You have reached level 3!
Your experience leads to an increase in your attributes!
Increase (S)trength, (I)ntelligence, or (D)exterity?
You feel agile. x2
You shoot a sling bullet.
The sling bullet barely misses the adder.
The adder bites you but does no damage. The hobgoblin hits you.
The adder bites you but does no damage.
You shoot a sling bullet. The sling bullet misses the adder.
The hobgoblin hits you but does no damage.
The adder bites you. The hobgoblin barely misses you.
You shoot a sling bullet. The sling bullet hits the adder.
The adder is severely wounded.
The adder closely misses you. The hobgoblin closely misses you.
The adder bites you.
You shoot a sling bullet. The sling bullet misses the adder.
The adder bites you but does no damage. The hobgoblin hits you.
You die...

.# ..# ... #.#
...#####.#####
#...........#
.#...........#
.............#
.............#####
........##....@g.#
###..##....7777S....#
.##...###..7 7.....#
......###..7 ......
........##.7 .....
........##.7 ....$
.........).77 7. ...#
..#.%.......77.^.
....
......#.###......


You could see an adder and a hobgoblin.

Vanquished Creatures
  An adder (D:2)
  3 endoplasms
  A giant cockroach (D:1)
  3 hobgoblins (D:2)
  3 ball pythons (D:1)
  3 bats
  2 frilled lizards (D:1)
  A rat (D:1)
17 creatures vanquished.

Notes
Turn   | Place    | Note
-------+----------+-------------------------------------------
     0 | D:1      | qw the Gargoyle Hexslinger began the quest for the Orb.
     0 | D:1      | Reached XP level 1. HP: 12/12 MP: 2/2
     0 | D:1      | 0 ||| qw: Version: 0.3-a-24-g62f9e04
     0 | D:1      | 0 ||| qw: Game counter: 6738
     0 | D:1      | 0 ||| qw: Melee chars always use a shield: true
     0 | D:1      | 0 ||| qw: God list: Okawaru
     0 | D:1      | 0 ||| qw: Allow faded altars: false
     0 | D:1      | 0 ||| qw: Do Orc after clearing Dungeon:15 true
     0 | D:1      | 0 ||| qw: Do second Lair branch before Depths: true
     0 | D:1      | 0 ||| qw: Lair rune preference: random
     0 | D:1      | 0 ||| qw: Goals: Normal
     0 | D:1      | 0 ||| PLANNING D:1-11
   137 | D:1      | Found Toerir's Armour Shoppe.
   141 | D:1      | 141 ||| BUYING +0 helmet (45 gold).
   141 | D:1      | Bought a +0 helmet for 45 gold pieces
   141 | D:1      | 141 ||| SHOPLISTING +0 ring mail (40 gold, have 8).
   141 | D:1      | 141 ||| SHOPLISTING +2 robe of willpower (177 gold, have
                  | 8).
   325 | D:1      | Reached XP level 2. HP: 16/16 MP: 3/3
   575 | D:1      | 575 ||| UPGRADING to +0 leather armour.
   585 | D:1      | 585 ||| DROPPING +0 robe.
   586 | D:1      | 586 ||| UPGRADING to +0 helmet.
   591 | D:1      | 591 ||| DROPPING scroll of poison.
   674 | D:2      | Reached skill level 3 in Ranged Weapons
   721 | D:2      | HP: 3/16 [adder (2)]
   725 | D:2      | Reached XP level 3. HP: 4/21 MP: 4/4
   726 | D:2      | HP: 2/21 [adder (2)]
   728 | D:2      | Slain by a hobgoblin

Levels and vault maps discovered:
D:1:      dpeg_arrival_court, layout_basic, serial_shops,
          nicolae_shop_back_alley_shop
D:2:      layout_rooms, basic_altar, minmay_fountain_box, nrook_campfire

Skill      XL: |  1  2 |
---------------+-------+-----
Ranged Weapons | 3 |  3.0
Fighting       | 2 |  2.0
Dodging        | |  1.5
Spellcasting   | |  1.0
Hexes          | |  2.6

Action                     || total
---------------------------++-------
   Fire: Sling             ||    69
 Armour: Robe              ||    12
         Leather armour    ||    15
  Dodge: Dodged            ||    37

Table legend:
 A = Non-vault XP
 B = Vault XP
 C = Vault XP percentage of total XP
 D = Non-vault monster count
 E = Vault monster count
 F = Vault count percentage of total count
                 A         B        C        D         E       F
            +---------+---------+-------+---------+---------+-------
      Total |      37 |       0 |   0.0 |      17 |       0 |   0.0
            +---------+---------+-------+---------+---------+-------
        D:1 |      12 |       0 |   0.0 |      10 |       0 |   0.0
        D:2 |      25 |       0 |   0.0 |       7 |       0 |   0.0
            +---------+---------+-------+---------+---------+-------
